 Dungeon Crawl Stone Soup version 0.29.0-7-g18a832c13a (webtiles) character file.

Game seed: 9660836337148885553

140 freelancePsychic the Grave Robber (level 5, -7/31 HPs)
             Began as a Kobold Necromancer on Aug 30, 2022.
             Mangled by a river rat (8 damage)
             ... on level 4 of the Dungeon.
             The game lasted 00:06:54 (4535 turns).

freelancePsychic the Grave Robber (KoNe)            Turns: 4535, Time: 00:06:54

Health: -7/31      AC:  3    Str:  5    XL:     5   Next: 47%
Magic:  0/8        EV: 14    Int: 18    God:
Gold:   153        SH:  0    Dex: 16    Spells: 4/8 levels left

rFire   . . .      SeeInvis .   b - +0 dagger
rCold   . . .      Faith    .   (no shield)
rNeg    . . .      Spirit   .   g - +0 leather armour
rPois   .          Reflect  .   (no helmet)
rElec   .          Harm     .   (no cloak)
rCorr   .          Rampage  .   (no gloves)
Will    .....                   (no boots)
Stlth   ++........              (no amulet)
HPRegen 0.10/turn               (no ring)
MPRegen 0.11/turn               (no ring)

@: very slow
A: small, no large weapons, nightstalker 3
a: no special abilities


You were on level 4 of the Dungeon.
You visited 1 branch of the dungeon, and saw 4 of its levels.

You collected 153 gold pieces.

Inventory:

Hand Weapons
 b - a +0 dagger (weapon)
 d - a +0 short sword
Armour
 a - a +0 robe
 g - a +0 leather armour (worn)
Jewellery
 k - an amulet of the acrobat
Scrolls
 e - a scroll of teleportation {@r4}
 l - a scroll of noise
Potions
 h - a potion of brilliance {unknown}
 j - 2 potions of curing {@q1}
 n - a potion of mutation {unknown}
 o - a potion of lignification {unknown}
 q - a potion of invisibility


   Skills:
 + Level 2.3 Fighting
 - Level 2.4 Dodging
 + Level 4.3 Stealth
 - Level 2.1 Spellcasting
 * Level 5.3 Necromancy


You had 4 spell levels left.
You knew the following spells:

 Your Spells              Type           Power      Damage    Failure   Level
a - Necrotise             Necr           84%        1d8       3%          1
b - Vampiric Draining     Necr           21%        2d7       10%         3

Your spell library contained the following spells:

 Spells                   Type           Power      Damage    Failure   Level
 Animate Dead             Necr           21%        N/A       32%         4
 Agony                    Necr           21%        N/A       67%         5
 Fireball                 Conj/Fire      0%         3d3       100%        5
 Iskenderun's Battlesphe  Conj           1%         2d6       100%        5
 Conjure Ball Lightning   Conj/Air       0%         3x3d6     100%        6
 Orb of Destruction       Conj           0%         9d5       100%        7


Dungeon Overview and Level Annotations

Branches:
Dungeon (4/15)
 Temple: D:4-7

Altars:
Nemelex Xobeh

Annotations:
D:2 Natasha


Innate Abilities, Weirdness & Mutations

You are small and have problems with some larger weapons.
You are completely attuned to the shadows.


Message History

You hit the river rat but do no damage.
The river rat is almost dead.
The river rat bites you but does no damage.
Your unstable footing causes you to fumble your attack.
Your rat skeleton bites the river rat but does no damage.
The river rat bites you but does no damage.
Your unstable footing causes you to fumble your attack.
The river rat misses you.
Your rat skeleton splashes around in the water.
You hit the river rat but do no damage.
The river rat is almost dead.
The river rat bites you.
Your rat skeleton bites the river rat but does no damage.
You barely miss the river rat.
The river rat is almost dead.
The river rat bites you.
Your rat skeleton bites the river rat but does no damage.
Casting: Necrotise (safe; 3% risk of failure)
Confirm with . or Enter, or press ? or * to list all spells.
Aiming: Necrotise (safe; 3% risk of failure)
Press: ? - help, Shift-Dir - straight line, f/p - river rat
Aim: a river rat (almost dead, ally target, chance to affect: 85%)
The river rat barely resists.
Your rat skeleton crumbles into dust!
The river rat bites you!
You barely miss the river rat.
The river rat is almost dead.
The river rat bites you.
You closely miss the river rat.
The river rat is almost dead.
The river rat bites you.
* * * LOW HITPOINT WARNING * * *
You feel better. The river rat bites you!
Casting: Necrotise (safe; 3% risk of failure)
Confirm with . or Enter, or press ? or * to list all spells.
You don't have enough magic to cast this spell.
The river rat bites you!
* * * LOW HITPOINT WARNING * * *
The river rat bites you!
You die...

#.###.## #...##
##...# ######.##
........#
####.#### #
.....# ####~#
####.####~r~~~
........#@#######
######.##~~~~~~~~
#.#####~#~#~
#.#..~~~~~.~
#......~....
#...........
#........###
...######## ####


You could see a river rat.

Vanquished Creatures
  5 adders
  2 river rats (D:4)
  A dart slug (D:2)
  3 orcs (D:3)
  4 ball pythons
  4 endoplasms
  3 giant cockroaches
  3 goblins
  5 hobgoblins
  6 jackals
  3 quokkas
  4 bats
  4 frilled lizards
  8 kobolds
  12 rats
67 creatures vanquished.

Vanquished Creatures (collateral kills)
  A bat (D:1)
  An endoplasm (D:1)
  2 jackals
  A kobold (D:2)
5 creatures vanquished.

Vanquished Creatures (others)
  2 plants (D:2)
2 creatures vanquished.

Grand Total: 74 creatures vanquished

Notes
Turn   | Place    | Note
-------+----------+-------------------------------------------
     0 | D:1      | freelancePsychic the Kobold Necromancer began the quest for
                  | the Orb.
     0 | D:1      | Reached XP level 1. HP: 10/10 MP: 3/3
   445 | D:1      | Reached XP level 2. HP: 16/16 MP: 1/5
   609 | D:1      | Reached skill level 1 in Fighting
   765 | D:1      | Reached XP level 3. HP: 20/20 MP: 4/6
  1052 | D:1      | Learned a level 3 spell: Vampiric Draining
  1438 | D:2      | Noticed Natasha
  1644 | D:2      | Reached XP level 4. HP: 24/25 MP: 2/7
  2156 | D:2      | Found a sparkling altar of Nemelex Xobeh.
  3080 | D:3      | Found a faded altar of an unknown god.
  3243 | D:3      | Reached skill level 5 in Necromancy
  3833 | D:3      | Reached XP level 5. HP: 26/30 MP: 0/8
  4535 | D:4      | HP: 1/31 [river rat (9)]
  4535 | D:4      | Mangled by a river rat

Illustrated notes

Levels and vault maps discovered:
D:1:      dpeg_arrival_ratfight, layout_rooms, amcnicky_mini_corridor_feature
D:2:      layout_loops_ring, basic_altar, chequers_big_river, uniq_natasha
D:3:      layout_loops_corners, shapermc_ecumenical_altar_totnotflames,
          kennysheep_minor_cross
D:4:      layout_loops_ring, serial_shops, kennysheep_little_box,
          gammafunk_ghost_cemetery, lightli_sewer_entry_pipes, glass_columns_c

Skill      XL: |  1  2  3  4 |
---------------+-------------+-----
Stealth        | 3 4 |  4.3
Fighting       | 1 2 |  2.3
Necromancy     | 5 |  5.3
Dodging        | |  2.4
Spellcasting   | |  2.1

Action                   |  1- 3 |  4- 6 || total
-------------------------+-------+-------++-------
Melee: Short sword       |     3 |       ||     3
       Dagger            |    11 |    36 ||    47
 Cast: Necrotise         |    62 |    69 ||   131
  Use: Potion            |     1 |     3 ||     4
       Scroll            |       |     8 ||     8
 Stab: Distracted        |     1 |       ||     1
Armor: Robe              |     6 |       ||     6
       Leather armour    |     1 |    11 ||    12
Dodge: Dodged            |    28 |    32 ||    60
